 Dungeon Crawl Stone Soup version 0.17-a0-1849-g8a24fa2 (webtiles) character file.

0 Ololoev the Ducker (level 1, -32/11 HPs)
             Began as a Spriggan Abyssal Knight on Sept 18, 2015.
             Was a Follower of Lugonu.
             Annihilated by a tentacled starspawn (35 damage)
             ... on level 1 of the Abyss.
             The game lasted 00:01:01 (75 turns).

Ololoev the Ducker (Spriggan Abyssal Knight)          Turns: 75, Time: 00:01:01

Health: -32/11     AC:  2    Str:  8    XL:     1   Next: 0%
Magic:  3/3        EV: 18    Int: 13    God:    Lugonu [*.....]
Gold:   0          SH:  0    Dex: 15    Spells: 0 memorised, 0 levels left

rFire  . . .     SeeInvis +     a - +1 spear
rCold  . . .     Clarity  .     b - +0 robe
rNeg   . . .     SustAt   .     (shield restricted)
rPois  .         Gourm    .     (helmet restricted)
rElec  .         Spirit   .     (no cloak)
rCorr  .         Warding  .     (gloves unavailable)
rMut   .         Stasis   .     (boots unavailable)
MR     .....                    (no amulet)
Stlth  +.........               (no ring)
                                (no ring)

@: very quick, not resistant to hostile enchantments, very unstealthy
A: unfitting armour, see invisible, herbivore 3, speed 3, slow metabolism 2
a: Depart the Abyss, Renounce Religion


Innate Abilities, Weirdness & Mutations

You are tiny and cannot use many weapons and most armour.
You have supernaturally acute eyesight.
You are a herbivore.
You cover ground extremely quickly.
You need consume almost no food.

Inventory:

Hand weapons
 a - a +1 spear (weapon)
Armour
 b - a +0 robe (worn)
Comestibles
 c - a bread ration


   Skills:
 - Level 2.4 Fighting
 * Level 1.3 Polearms
 + Level 3.5 Dodging
 - Level 1.7 Invocations


You couldn't memorise any spells.
You didn't know any spells.


You were on level 1 of the Abyss.
You worshipped Lugonu.
Lugonu was aware of your devotion.
You were not hungry.

You visited 0 branches of the dungeon, and saw 0 of its levels.
You visited the Abyss 1 time.

#. ..# #. # #.#.
#.###... # ##
##....#... ## ###
# .#..#. #.###..
. ......
##w#.....#.... #
##X###. .... ##
#@#x.x.#..# . ##
###.... ∩.# ....#
# #..# .#...## ..
... ...## ..
.#.... ...# ...
.#...##...#.#####
.. #...#...### ..
.. . .....# ##.#
#

Notes
Turn   | Place    | Note
--------------------------------------------------------------
     0 | Abyss:1  | Ololoev the Spriggan Abyssal Knight began the quest for the Orb.
     0 | Abyss:1  | Reached XP level 1. HP: 11/11 MP: 3/3
    29 | Abyss:1  | Noticed a small abomination
    53 | Abyss:1  | Noticed a tentacled starspawn
    75 | Abyss:1  | Annihilated by a tentacled starspawn

Dungeon Overview and Level Annotations

Branches:
Dungeon (0/15)

Altars:


Message History

The small abomination is heavily damaged.
Attack whom?
Press: ? - help, Dir - move target cursor, f/p - small abomination
Aim: a small abomination (heavily damaged)
You reach to attack!
You hit the small abomination.
The small abomination is heavily damaged.
A tentacled starspawn comes into view.
Tentacles burst from the starspawn's body!
You aren't carrying any potions.
You aren't carrying any spellbooks or scrolls.
The small abomination hits you!
Ouch! That really hurt!
You barely miss the small abomination.
The small abomination is heavily damaged.
The small abomination closely misses you.
You hit the small abomination.
The small abomination is heavily damaged.
The small abomination misses you.
You barely miss the small abomination.
The small abomination is heavily damaged.
The small abomination misses you.
You hit the small abomination.
The small abomination is severely damaged.
The small abomination closely misses you.
You hit the small abomination.
The small abomination is almost destroyed.
The small abomination barely misses you.
You hit the small abomination but do no damage.
The small abomination is almost destroyed.
The small abomination misses you.
You hit the tentacled starspawn.
The tentacled starspawn is lightly damaged.
You hit the tentacled starspawn.
The tentacled starspawn is lightly damaged.
A tentacle flies out from the starspawn's body!
You hit the tentacled starspawn.
The tentacled starspawn is lightly damaged.
The tentacled starspawn bites you!!
Ouch! That really hurt!
You die...

You could see a tentacled starspawn and a starspawn tentacle.

Vanquished Creatures (others)
  2 starspawn tentacles (Abyss:1)
2 creatures vanquished.

Action                   || total
-------------------------++-------
Melee: Spear             ||    14

Vault maps used:
Abyss:1:  minivault_11
